 Dungeon Crawl Stone Soup version 0.31-a0-232-gb1c03b2570 (webtiles) character file.

Game seed: 16215434452861016583

669 qw the Shooter (level 7, -4/59 HPs)
             Began as a Minotaur Hexslinger on July 6, 2023.
             Succumbed to a hornet's poison
             ... on level 4 of the Dungeon.
             The game lasted 00:01:20 (3438 turns).

qw the Shooter (Minotaur Hexslinger)                Turns: 3438, Time: 00:01:20

Health: -4/59      AC:  5    Str: 12    XL:     7   Next: 32%
Magic:  0/7        EV: 16    Int: 10    God:
Gold:   293        SH:  0    Dex: 15    Spells: 7/8 levels left

rFire   . . .        Y - +1 sling
rCold   . . .        (no shield)
rNeg    . . .        f - +0 ring mail
rPois   .            (helmet restricted)
rElec   .            (no cloak)
rCorr   .            (no gloves)
SInv    .            (no boots)
Will    .....        a - amulet of guardian spirit
Stlth   +            h - +5 ring of evasion
HPRegen 0.29/turn    (no ring)
MPRegen 0.10/turn

%: guardian spirit
@: lethally poisoned (-4 -> -24), about to teleport, slowed, very slow
A: horns 2, retaliatory headbutt
a: no special abilities


You were on level 4 of the Dungeon.
You visited 1 branch of the dungeon, and saw 4 of its levels.

You collected 293 gold pieces.


Innate Abilities, Weirdness & Mutations

You have a pair of horns on your head.
You reflexively headbutt those who attack you in melee.


   Skills:
 - Level 4.1 Fighting
 + Level 7.8 Ranged Weapons
 - Level 2.4 Armour
 - Level 2.1 Dodging
 - Level 1.0 Spellcasting
 - Level 2.0 Hexes


You had 7 spell levels left.
You knew the following spells:

 Your Spells              Type           Power      Damage    Failure   Level
a - Slow                  Hex            16%        N/A       32%         1

Your spell library contained the following spells:

 Spells                   Type           Power      Damage    Failure   Level
 Inner Flame              Hex/Fire       2%         N/A       83%         3
 Portal Projectile        Hex/Tloc       4%         N/A       83%         3
 Cause Fear               Hex            2%         N/A       97%         4

Inventory:

Hand Weapons
 Y - a +1 sling (weapon)
Armour
 f - a +0 ring mail (worn)
 i - the +3 ring mail of the Orb Guardian {*Corrode rElec Int+4 Slay+5}
   (You found it on level 4 of the Dungeon)

   Int:       It affects your intelligence (+4).
   Slay:      It affects your accuracy & damage with ranged weapons and melee
   (+5).
   rElec:     It insulates you from electricity.
   *Corrode:  It may corrode you when you take damage.
 k - a +1 pair of boots
 n - a +4 ring mail
Jewellery
 a - an amulet of guardian spirit (around neck)
 h - a +5 ring of evasion (left hand)
Scrolls
 b - a scroll of fog {unknown}
 m - a scroll of enchant weapon {unknown}
Potions
 c - a potion of heal wounds {unknown}
 d - a potion of cancellation {unknown}
 e - a potion of degeneration {unknown}
 g - a potion of resistance {unknown}
 j - 2 potions of lignification {unknown}

Dungeon Overview and Level Annotations

Branches:
Dungeon (4/15)
 Temple: D:4-7

Altars:
Dithmenos
Zin

Annotations:
D:4 4 runed translucent doors


Message History

The scorpion stings you.
You are poisoned.
The scorpion poisons you!
You shoot a sling bullet.
The sling bullet hits the scorpion but does no damage.
The scorpion is almost dead.
You feel very sick. The scorpion stings you. The scorpion misses you.
You furiously retaliate!
You headbutt the scorpion.
You kill the scorpion!
You start resting.
You feel sick. x8
You are no longer poisoned.
Magic restored.
You start resting.
A hornet comes into view.
You shoot a sling bullet.
The sling bullet barely misses the hornet.
The hornet buzzes angrily.
The hornet closely misses you. The hornet stings you.
You feel yourself slow down.
You shoot a sling bullet. The sling bullet hits the hornet.
The hornet is lightly wounded.
The hornet stings you.
You are poisoned.
You feel as though you will be slow longer.
The hornet stings you!
You feel as though you will be slow longer.
The hornet closely misses you.
3437 ||| READING scroll of teleportation.
As you read the scroll of teleportation, it crumbles to dust.
You feel strangely unstable.
You feel very sick. The hornet stings you!
You are more poisoned.
You feel as though you will be slow longer.
The hornet closely misses you. You furiously retaliate!
You headbutt the hornet. You shoot a sling bullet.
The sling bullet closely misses the hornet.
You die...

#..##++##.))#.##.#
#.##8..8#######..#
#.#8....8# #}...##
#.#[....}# ######
##.#"....)# ##..#8....8#
#...##8.o8#####
##...##++##.'.##
##..........##@#
#...####....#y##
###....# #....##
.....### #.....######
......## #..##......
.......# ##.....##.###.#
......####......##.....#
.....#.#.#.........#
................>.##


You could see a hornet.

Vanquished Creatures
  A yak (D:4)
  An ogre (D:4)
  A phantom (D:3)
  2 scorpions (D:4)
  A hound (D:4)
  A gnoll bouda (D:4)
  Jessica (D:2)
  An orc wizard (D:4)
  6 adders
  4 worms
  8 orcs
  10 ball pythons
  7 endoplasms
  3 giant cockroaches
  5 goblins
  5 hobgoblins
  2 jackals (D:2)
  5 quokkas
  4 bats (D:2)
  4 frilled lizards
  4 kobolds
  12 rats
88 creatures vanquished.

Notes
Turn   | Place    | Note
-------+----------+-------------------------------------------
     0 | D:1      | qw the Minotaur Hexslinger began the quest for the Orb.
     0 | D:1      | Reached XP level 1. HP: 16/16 MP: 1/1
     0 | D:1      | 0 ||| qw: Version: 0.3-a-46-gb1f654a
     0 | D:1      | 0 ||| qw: Game counter: 1981
     0 | D:1      | 0 ||| qw: Melee chars always use a shield: true
     0 | D:1      | 0 ||| qw: God list: Okawaru
     0 | D:1      | 0 ||| qw: Allow faded altars: false
     0 | D:1      | 0 ||| qw: Do Orc after clearing Dungeon:15 true
     0 | D:1      | 0 ||| qw: Do second Lair branch before Depths: true
     0 | D:1      | 0 ||| qw: Lair rune preference: random
     0 | D:1      | 0 ||| qw: Goals: Normal
     0 | D:1      | 0 ||| PLANNING D:1-11
   227 | D:1      | Reached skill level 3 in Ranged Weapons
   227 | D:1      | Reached XP level 2. HP: 23/23 MP: 2/2
   265 | D:1      | Noticed a great orb of eyes
   271 | D:1      | Found a faded altar of an unknown god.
   273 | D:1      | Noticed a golden eye
   273 | D:1      | Noticed a golden eye
   273 | D:1      | Noticed a great orb of eyes
   601 | D:1      | 601 ||| READING scroll labelled ZATIQE ZIKKA.
   602 | D:1      | 602 ||| READING scroll labelled XURAUSCH AWIXI.
   606 | D:1      | 606 ||| DROPPING scroll of poison.
   742 | D:2      | 742 ||| FLEEEEING.
   743 | D:2      | 743 ||| FLEEEEING.
   753 | D:2      | Reached XP level 3. HP: 24/29 MP: 3/3
   854 | D:2      | Noticed Jessica
   860 | D:2      | Killed Jessica
   861 | D:2      | Reached skill level 4 in Ranged Weapons
   997 | D:2      | Reached XP level 4. HP: 36/36 MP: 4/4
  1276 | D:2      | 1276 ||| UPGRADING to amulet of guardian spirit.
  1281 | D:2      | 1281 ||| UPGRADING to +5 ring of evasion.
  1282 | D:2      | 1282 ||| READING scroll labelled ZISODD CAFOSH.
  1321 | D:3      | 1321 ||| FLEEEEING.
  1322 | D:3      | 1322 ||| STAIRDANCE
  1343 | D:3      | 1343 ||| STAIRDANCE
  1427 | D:3      | Reached skill level 5 in Ranged Weapons
  1576 | D:3      | HP: 6/37 [frozen (4)]
  1577 | D:3      | 1577 ||| READING scroll of teleportation.
  1744 | D:3      | Noticed a phantom
  1759 | D:3      | Killed a phantom
  1760 | D:3      | Reached XP level 5. HP: 29/46 MP: 3/5
  2534 | D:3      | Found a glowing silver altar of Zin.
  2535 | D:3      | Found a shadowy altar of Dithmenos.
  2540 | D:3      | 2540 ||| UPGRADING to +0 leather armour.
  2550 | D:3      | 2550 ||| DROPPING +0 robe.
  2551 | D:3      | 2551 ||| UPGRADING to +0 ring mail.
  2561 | D:3      | 2561 ||| DROPPING +0 leather armour.
  2562 | D:3      | 2562 ||| READING scroll labelled EPTENTIMAZ.
  2563 | D:3      | 2563 ||| READING scroll labelled POOFOSCHACUI.
  2564 | D:3      | 2564 ||| READING scroll labelled IDGHOGH VIEPPI.
  2565 | D:3      | 2565 ||| DRINKING 2 smoky cyan potions.
  2566 | D:3      | 2566 ||| DROPPING potion of invisibility.
  2636 | D:4      | Reached XP level 6. HP: 50/52 MP: 4/6
  2723 | D:4      | Found a large runed translucent door.
  2724 | D:4      | Found a large runed translucent door.
  2784 | D:4      | Identified the +3 ring mail of the Orb Guardian {*Corrode
                  | rElec Int+4 Slay+5}
  2795 | D:4      | Noticed a yak
  2806 | D:4      | HP: 6/52 [yak (13)]
  2808 | D:4      | Killed a yak
  2809 | D:4      | Reached skill level 6 in Ranged Weapons
  2989 | D:4      | Found a large runed translucent door.
  2989 | D:4      | Found a large runed translucent door.
  3215 | D:4      | Reached skill level 7 in Ranged Weapons
  3215 | D:4      | Reached XP level 7. HP: 29/59 MP: 4/7
  3389 | D:4      | HP: 13/59 [poisoned by a scorpion]
  3394 | D:4      | HP: 9/59 [poisoned by a scorpion]
  3434 | D:4      | Noticed a hornet
  3436 | D:4      | HP: 10/59 [hornet (5)]
  3437 | D:4      | 3437 ||| READING scroll of teleportation.
  3437 | D:4      | HP: 2/59 [hornet (4)]
  3438 | D:4      | Succumbed to a hornet's poison

Levels and vault maps discovered:
D:1:      eino_arrival_cavern_e, layout_basic,
          hellmonk_ecumenical_altar_watching_god, nicolae_the_louvre
D:2:      layout_loops_ring, uniq_jessica
D:3:      layout_basic, minitemple, kennysheep_generic_room_7
D:4:      layout_cave_pools, minmay_hollow_rounded_squares

Skill      XL: |  1  2  3  4  5  6 |
---------------+-------------------+-----
Ranged Weapons | 3 4 5 7 |  7.8
Fighting       | 2 4 |  4.1
Armour         | 2 |  2.4
Dodging        | |  2.1
Spellcasting   | |  1.0
Hexes          | |  2.0

Action                     |  1- 3 |  4- 6 |  7- 9 || total
---------------------------+-------+-------+-------++-------
   Fire: Sling             |    87 |   180 |    43 ||   310
    Use: Scroll            |     2 |     5 |     1 ||     8
         Potion            |       |     1 |       ||     1
 Armour: Robe              |     7 |     3 |       ||    10
         Ring mail         |       |    25 |     1 ||    26
  Dodge: Dodged            |    15 |   105 |    32 ||   152

Table legend:
 A = Non-vault XP
 B = Vault XP
 C = Vault XP percentage of total XP
 D = Non-vault monster count
 E = Vault monster count
 F = Vault count percentage of total count
                 A         B        C        D         E       F
            +---------+---------+-------+---------+---------+-------
      Total |     585 |     372 |  38.9 |      76 |      12 |  13.6
            +---------+---------+-------+---------+---------+-------
        D:1 |      23 |       0 |   0.0 |      15 |       0 |   0.0
        D:2 |      58 |      37 |  38.9 |      27 |       1 |   3.6
        D:3 |     165 |       1 |   0.6 |      18 |       1 |   5.3
        D:4 |     339 |     334 |  49.6 |      16 |      10 |  38.5
            +---------+---------+-------+---------+---------+-------
